Map: Blackpink LE

Players

Juxtapose - Winner!

  • Race: Zerg Zerg
  • League: Platinum
  • Spawn Location: 7:00

A.I. 1 (Hard)

  • Race: Zerg Zerg
  • Spawn Location: 1:00

VOD

https://youtu.be/14EOKlyWo9c

Description

Time

  • Played on: April 24, 2018, 8:20 p.m.
  • Length: 10:55
Show
View Real Time Build Order
Export as new Build Order

Juxtapose Zerg - Winner!

Build Orders: Hatch First 

Get SALT Encoding   

  12  0:01  Drone  
  13  0:13  Overlord  
  13  0:18  Drone  
  14  0:32  Drone x2  
  16  0:38  Overlord  
  16  0:58  Hatchery  
  16  1:01  Drone  
  16  1:08  Drone  
  17  1:13  Extractor  
  16  1:22  Spawning Pool  
  16  1:24  Drone  
  16  1:29  Drone  
  17  1:42  Drone  
  18  1:51  Drone  
  19  2:01  Drone  
  20  2:08  Drone  
  21  2:12  Queen  
  21  2:15  Queen  
  25  2:17  Drone  
  26  2:28  Metabolic Boost  
  26  2:30  Zergling x4  
  26  2:31  Zergling x2  
  28  2:42  Zergling x2, Drone  
  30  2:52  Baneling Nest  
  30  2:56  Drone  
  30  2:58  Drone x3  
  33  3:10  Drone x2  
  35  3:18  Drone  
  36  3:22  Overlord  
  36  3:23  Evolution Chamber  
  35  3:37  Overlord  
  35  3:39  Zergling x2  
  36  3:46  Drone x4  
  36  3:47  Drone x2  
  42  3:52  Extractor  
  42  3:54  Queen  
  43  3:56  Queen  
  45  4:03  Zergling x6  
  48  4:14  Roach Warren  
  47  4:22  Zergling x4, Drone x3  
  52  4:25  Overlord  
  52  4:29  Baneling  
  52  4:30  Baneling x2  
  52  4:49  Zergling x10  
  51  5:10  Roach x4  
  59  5:15  Lair  
  59  5:16  Drone  
  59  5:17  Overlord  
  59  5:18  Overlord  
  60  5:24  Zerg Ground Armor Level 1  
  60  5:44  Extractor  
  60  5:45  Overlord x2, Extractor  
  60  5:46  Roach x2  
  60  5:47  Roach x2  
  66  5:58  Overlord, Drone x2  
  66  6:01  Drone x4  
  72  6:19  Roach x2  
  72  6:24  Hatchery  
  72  6:25  Drone  
  76  6:26  Drone x2  
  76  6:27  Drone x2  
  80  6:48  Hydralisk Den  
  79  6:57  Spore Crawler  
  79  7:01  Drone x3  
  80  7:04  Roach  
  80  7:05  Roach x3  
  80  7:06  Overlord x2  
  80  7:08  Drone  
  90  7:27  Glial Reconstitution  
  90  7:30  Hydralisk, Grooved Spines  
  90  7:31  Hydralisk x7  
  90  7:32  Hydralisk x3  
  90  7:36  Overseer x3  
  112  7:49  Spore Crawler  
  111  7:52  Drone x2  
  113  8:02  Hydralisk x4  
  113  8:04  Overlord x2  
  121  8:24  Hydralisk x6  
  121  8:25  Hydralisk  
  135  8:28  Zerg Missile Weapons Level 1  
  135  8:35  Spore Crawler  
  134  8:52  Overlord x2  
  134  8:57  Muscular Augments  
  134  8:58  Centrifical Hooks  
  134  9:20  Unknown  
  127  9:28  Zergling x10, Hydralisk x3  
  127  9:29  Zergling x2, Hydralisk x3  
  127  9:30  Zergling x6, Overlord  
  127  9:31  Overlord  
  144  9:47  Drone  
  144  9:50  Extractor  
  144  9:51  Extractor  
  139  10:19  Overlord x2  
  139  10:22  Hydralisk x3  
  139  10:23  Hydralisk x3  
  139  10:26  Unknown, Drone x3  
  153  10:32  Overlord x2  
  150  10:36  Ravager  
  150  10:39  Ravager  
Show
View Real Time Build Order
Export as new Build Order

A.I. 1 (Hard) Zerg 

Build Orders: Hatch First, Muta Ling Bane 

Get SALT Encoding   

  12  0:00  Drone  
  13  0:12  Overlord  
  13  0:17  Drone  
  14  0:30  Drone  
  14  0:32  Drone  
  14  0:34  Drone  
  17  0:54  Hatchery  
  17  0:56  Drone  
  17  1:12  Spawning Pool  
  17  1:13  Drone  
  17  1:16  Drone  
  18  1:21  Extractor, Drone  
  18  1:29  Overlord  
  18  1:38  Drone  
  19  2:00  Zergling x4, Queen  
  23  2:01  Roach Warren  
  23  2:06  Drone  
  23  2:07  Extractor  
  22  2:10  Drone  
  23  2:23  Drone  
  24  2:40  Overlord  
  24  2:41  Roach  
  24  2:42  Roach  
  24  2:43  Roach  
  30  2:44  Roach  
  32  2:51  Roach  
  32  2:54  Roach  
  36  3:06  Baneling Nest, Drone  
  36  3:21  Extractor  
  36  3:22  Drone  
  36  3:27  Drone  
  36  3:30  Lair  
  37  3:50  Baneling  
  37  3:53  Overlord  
  37  3:57  Zergling x2, Extractor  
  37  4:07  Drone  
  38  4:11  Drone  
  38  4:14  Drone  
  40  4:18  Drone  
  40  4:22  Drone  
  42  4:25  Drone  
  42  4:28  Overlord, Drone  
  44  4:31  Spire  
  43  4:39  Drone  
  43  4:43  Drone  
  45  4:51  Evolution Chamber, Drone  
  45  4:59  Evolution Chamber  
  44  5:00  Drone  
  44  5:03  Zergling x2  
  41  5:13  Zergling x2  
  42  5:22  Baneling  
  42  5:31  Zergling x2  
  42  5:33  Drone  
  44  5:36  Drone  
  44  5:41  Zergling x2  
  46  5:43  Overlord  
  46  5:46  Drone  
  46  5:49  Mutalisk  
  47  5:50  Baneling, Drone  
  47  5:55  Drone  
  51  5:59  Mutalisk, Drone  
  54  6:06  Drone  
  54  6:09  Zergling x2  
  54  6:10  Drone  
  57  6:15  Metabolic Boost  
  57  6:17  Mutalisk, Drone, Zerg Melee Weapons Level 1  
  60  6:21  Overlord  
  60  6:24  Drone  
  61  6:28  Drone  
  61  6:31  Drone  
  63  6:38  Zerg Ground Armor Level 1  
  63  6:39  Drone  
  64  6:42  Drone  
  65  6:48  Mutalisk, Drone  
  65  6:49  Overlord  
  65  6:52  Drone  
  69  6:54  Drone  
  69  7:00  Burrow  
  70  7:01  Drone  
  70  7:03  Drone  
  72  7:12  Drone  
  72  7:14  Drone  
  74  7:19  Baneling  
  74  7:20  Zergling x2  
  74  7:21  Overlord, Drone  
  76  7:30  Zergling x2, Drone  
  78  7:39  Zergling x2, Baneling, Centrifical Hooks  
  79  7:46  Overseer  
  79  7:48  Overlord, Zergling x2  
  79  7:49  Overseer  
  80  7:54  Spore Crawler  
  80  7:57  Spore Crawler  
  80  7:58  Zergling x2  
  79  7:59  Infestation Pit, Drone  
  79  8:00  Drone  
  80  8:06  Mutalisk  
  80  8:09  Overlord  
  80  8:12  Zerg Missile Weapons Level 1  
  82  8:13  Drone, Spore Crawler  
  82  8:16  Mutalisk  
  82  8:18  Spore Crawler  
  82  8:19  Drone  
  84  8:23  Drone, Spine Crawler  
  84  8:25  Mutalisk  
  86  8:28  Spine Crawler  
  86  8:29  Drone  
  86  8:31  Queen  
  88  8:34  Mutalisk  
  88  8:36  Queen  
  92  8:42  Hydralisk Den  
  92  8:43  Drone  
  92  8:45  Drone, Spine Crawler  
  92  8:53  Spine Crawler  
  91  9:08  Hive  
  91  9:21  Zergling x2  
  82  9:31  Zergling x2  
  59  9:34  Hydralisk  
  59  9:36  Overseer  
  58  9:38  Roach  
  58  9:41  Hydralisk  
  51  9:46  Roach  
  51  9:50  Zergling x2  
  40  9:54  Zergling x2  
  40  9:58  Mutalisk  
  38  10:03  Zergling x2  
  35  10:07  Zergling x2  
  35  10:10  Hydralisk  
  29  10:14  Mutalisk  
  29  10:20  Baneling x2  
  29  10:24  Viper, Mutalisk  
  29  10:26  Roach Warren  
  29  10:28  Mutalisk  
  26  10:33  Zergling x2  
  25  10:42  Hydralisk Den, Drone  
Tags
 
Composition
Muta Ling Bane
League
Platinum
Matchup
ZvZ
Race
Zerg
Spawn Locations
Cross Positions
Add a new tag
Caveats
  • Supply blocks, unpowered buildings, or Contaminate may cause inaccurate times.
  • Supply counts are checked every 10 seconds.